 Dungeon Crawl Stone Soup version 0.28-a0-750-g7c675f85b1 (webtiles) character file.

Game seed: 12634583009333639524

1934 ytrimaz the Chopper (level 8, 0/63 HPs)
             Began as a Demonspawn Gladiator on Oct 29, 2021.
             Was a Believer of Makhleb.
             Slain by a centaur (6 damage)
             ... in a bailey.
             The game lasted 00:13:22 (8259 turns).

ytrimaz the Chopper (Demonspawn Gladiator)          Turns: 8259, Time: 00:13:23

Health: 0/63       AC: 12    Str: 18    XL:     8   Next: 97%
Magic:  11/11      EV:  8    Int: 15    God:    Makhleb [**....]
Gold:   239        SH:  0    Dex: 14    Spells: 7/7 levels left

rFire   . . .      SeeInvis .   k - +0 halberd
rCold   . . .      Faith    .   (shield currently unavailable)
rNeg    . . .      Spirit   .   q - +0 chain mail
rPois   .          Reflect  .   c - +1 helmet
rElec   .          Harm     .   (no cloak)
rCorr   .          Rampage  .   (no gloves)
Will    .....                   (no boots)
Stlth   ..........              (no amulet)
HPRegen 0.20/turn               l - +6 ring of intelligence
MPRegen 0.12/turn               (no ring)

@: no status effects
A: powered by death 1, weakness stinger 2, demonic touch 1
a: Renounce Religion, Minor Destruction


You were in a bailey.
You worshipped Makhleb.
Makhleb was pleased with you.
You visited 2 branches of the dungeon, and saw 8 of its levels.
You also visited: Ossuary and Bailey.

You collected 326 gold pieces.
You spent 87 gold pieces at shops.

Inventory:

Hand Weapons
 a - a +1 war axe
 k - a +0 halberd (weapon)
Missiles
 d - 3 throwing nets (quivered)
Armour
 c - a +1 helmet (worn)
 q - a +0 chain mail (worn)
Jewellery
 l - a +6 ring of intelligence (left hand)
 o - a ring of wizardry
Wands
 h - a wand of mindburst (12)
Scrolls
 e - a scroll of enchant armour
 g - a scroll of vulnerability
 p - a scroll of teleportation
 r - a scroll of enchant weapon
Potions
 b - a potion of cancellation {unknown}
 f - a potion of magic
 i - 3 potions of brilliance
 j - a potion of curing
 m - 3 potions of haste
 n - 4 potions of lignification
 s - 2 potions of heal wounds
 t - a potion of degeneration {unknown}
 v - 2 potions of mutation {unknown}


   Skills:
 * Level 5.6 Fighting
 + Level 6.6 Axes
 - Level 1.7 Throwing
 * Level 5.5 Armour
 + Level 3.6 Dodging
 - Level 1.9 Unarmed Combat
 * Level 4.3 Invocations


You had 7 spell levels left.
You didn't know any spells.
Your spell library contained the following spells:

 Spells                   Type           Power      Damage    Failure   Level
 Call Canine Familiar     Summ           0%         N/A       100%        3
 Portal Projectile        Hex/Tloc       0%         N/A       100%        3
 Leda's Liquefaction      Hex/Erth       0%         N/A       100%        4
 Summon Forest            Summ/Tloc      0%         N/A       100%        5
 Eringya's Noxious Bog    Tmut/Pois      0%         N/A       100%        6
 Summon Hydra             Summ           0%         N/A       100%        7


Dungeon Overview and Level Annotations

Branches:
Dungeon (7/15)             Temple (1/1) D:4         Ossuary (visited)
 Bailey (1/1)

Altars:
Ashenzari
Dithmenos
Elyvilon
Fedhas
Gozag
Hepliaklqana
Kikubaaqudgha
Makhleb
Nemelex Xobeh
Okawaru
Ru
Sif Muna
Trog
Vehumet
Wu Jian
Xom
Yredelemnul
Zin
The Shining One

Shops:
D:2 [[:*[   D:5 (   D:6 [

Annotations:
D:5 2 transporters


Innate Abilities, Weirdness & Mutations

You regenerate a little health from kills.
You have a tail ending in a sharp stinger.
Your touch may inflict minor irresistible damage on your foes.


Message History

Okay, then.
Unknown command.
Unknown command.
The orc hits you but does no damage. The orc hits you but does no damage.
The orc hits you from afar with a +0 trident.
The orc barely misses you. The orc closely misses you.
The orc hits you but does no damage.
The orc hits you from afar with a +0 trident!
The orc hits you but does no damage. The orc barely misses you.
Reach: k) +0 halberd
Press: ? - help, Dir - move target, f - orc
Aim: an orc, wielding a +0 trident and wearing a +0 ring mail (about 40% to evade your +0 halberd)
You reach to attack!
You hit the orc but do no damage. The orc hits you but does no damage.
The orc completely misses you.
Reach: k) +0 halberd
Press: ? - help, Dir - move target, f/p - orc
Aim: an orc, wielding a +0 trident and wearing a +0 ring mail (about 42% to evade your +0 halberd)
You reach to attack!
You slash the orc!
You kill the orc!
Makhleb accepts your kill.
Reach: k) +0 halberd
Press: ? - help, Dir - move target, f - you That would be overly suicidal.
Okay, then.
Unknown command.
Reach: k) +0 halberd
Press: ? - help, Dir - move target, f - you
Okay, then.
Unknown command.
The centaur throws a javelin.
The javelin pierces through you.
The centaur throws a javelin.
The javelin pierces through you.
The centaur hits you from afar with a +3 halberd.
* * * LOW HITPOINT WARNING * * *
The centaur hits you from afar with a +3 halberd!
* * * LOW HITPOINT WARNING * * *
The centaur hits you from afar with a +3 halberd.
You die...

#≈...........
#≈...≈≈≈≈≈≈≈≈≈...
##≈..≈≈.......≈≈≈.
##≈≈....≈≈≈≈≈≈≈..≈≈
##≈≈...≈≈≈.....≈≈≈.≈
#≈≈⌠..≈≈..≈≈≈≈≈..≈≈.
#≈≈$.≈≈c≈≈≈...≈≈≈.≈.
#≈$.o≈.≈≈..⌠.⌠..≈.≈≈
#≈$$o≈.@...∩∩∩..≈c..
#≈$.o≈.≈≈..⌠.⌠..≈.≈≈
#≈≈$.≈≈)≈≈≈...≈≈≈.≈.
#≈≈⌠..≈≈..≈≈≈≈≈..≈≈.
##≈≈...≈≈≈.....≈≈≈.≈
##≈≈....≈≈≈≈≈≈≈..≈≈
##≈..≈≈.......≈≈≈.
#≈...≈≈≈≈≈≈≈≈≈o..
#≈............#


You could see a centaur and 3 orcs.

Vanquished Creatures
  Eustachio (D:5)
  Edmund (D:6)
  A water moccasin (D:6)
  An orc warrior (D:6)
  A sky beast (D:7)
  A necrophage (D:7)
  3 black bears
  An ice beast (D:6)
  A centaur (Bailey)
  An ogre (D:5)
  A phantom (D:6)
  An elf zombie (Ossuary)
  A water moccasin skeleton (D:5)
  A bullfrog zombie (D:5)
  A centaur zombie (D:5)
  A hound (D:6)
  2 jellies
  2 human zombies (Ossuary)
  2 iguanas
  An orc wizard (D:5)
  A killer bee zombie (D:7)
  A hound skeleton (D:5)
  2 mummies (Ossuary)
  Robin (D:4)
  6 adders
  2 shadow imps
  A white imp (D:6)
  An adder zombie (Ossuary)
  2 worms
  An adder skeleton (D:4)
  3 dart slugs
  12 orcs
  7 bats
  7 endoplasms
  9 giant cockroaches
  15 goblins
  11 hobgoblins
  3 jackals
  7 kobolds
  3 quokkas
  9 ball pythons
  2 frilled lizards
  A goblin zombie (Ossuary)
  10 hobgoblin zombies (Ossuary)
  A jackal zombie (Ossuary)
  7 kobold zombies (Ossuary)
  11 orc zombies (Ossuary)
  A quokka skeleton (D:4)
  5 rats
  2 rat zombies (Ossuary)
  A butterfly (D:4)
170 creatures vanquished.

Vanquished Creatures (collateral kills)
  An iguana (D:5)
1 creature vanquished.

Vanquished Creatures (others)
  A plant (D:5)
1 creature vanquished.

Grand Total: 172 creatures vanquished

Notes
Turn   | Place    | Note
-------+----------+-------------------------------------------
     0 | D:1      | ytrimaz the Demonspawn Gladiator began the quest for the
                  | Orb.
     0 | D:1      | Reached XP level 1. HP: 16/16 MP: 1/1
   195 | D:1      | Discovered your monstrous ancestry.
   195 | D:1      | Gained mutation: You have a small tail. [demonic ancestry]
   195 | D:1      | Reached XP level 2. HP: 13/22 MP: 2/2
   302 | D:1      | Reached skill level 3 in Axes
   754 | D:1      | Reached skill level 1 in Armour
   754 | D:1      | Reached XP level 3. HP: 26/27 MP: 3/3
  1332 | D:2      | Found Ybublel's Assorted Antiques.
  1341 | D:2      | Bought a scroll labelled ZIF SESHRYZIRCH for 29 gold pieces
  1341 | D:2      | Bought a scroll labelled ZIF SESHRYZIRCH for 29 gold pieces
  1341 | D:2      | Bought a scroll labelled CEMONOHYME for 29 gold pieces
  1354 | D:2      | Found a faded altar of an unknown god.
  1374 | D:2      | Found Zozalen's Armour Boutique.
  1641 | D:2      | Found Yjo Kege's Book Shoppe.
  1950 | D:2      | Found Qapaibit's Armour Boutique.
  1990 | D:2      | Gained mutation: You regenerate a little health from kills.
                  | [demonic ancestry]
  1990 | D:2      | Reached XP level 4. HP: 34/34 MP: 4/4
  2034 | D:2      | Found Juniov's Armour Boutique.
  2572 | D:3      | Found an opulent altar of Gozag.
  2606 | D:3      | Reached skill level 1 in Unarmed Combat
  2707 | D:3      | Found a basalt altar of Yredelemnul.
  3612 | D:4      | Gained mutation: Your touch may inflict minor irresistible
                  | damage on your foes. [demonic ancestry]
  3612 | D:4      | Reached XP level 5. HP: 31/40 MP: 5/5
  3758 | D:4      | Found a staircase to the Ecumenical Temple.
  3763 | D:4      | Found a shimmering altar of Xom.
  3806 | Temple   | Entered the Ecumenical Temple
  3916 | Temple   | Became a worshipper of Makhleb the Destroyer
  3972 | D:5      | Entered Level 5 of the Dungeon
  3985 | D:4      | Noticed Robin
  4002 | D:4      | Killed Robin
  4187 | D:4      | Reached * piety under Makhleb
  4276 | D:5      | Reached skill level 4 in Axes
  4284 | D:5      | Found a shimmering blue altar of Sif Muna.
  4303 | D:5      | Reached XP level 6. HP: 33/47 MP: 6/6
  4845 | D:5      | Reached skill level 1 in Invocations
  4859 | D:5      | Found a transporter.
  4868 | D:5      | Found a transporter.
  4895 | D:5      | Reached XP level 7. HP: 50/53 MP: 7/7
  5139 | D:5      | Noticed Eustachio
  5218 | D:5      | Killed Eustachio
  5219 | D:5      | Reached skill level 5 in Axes
  5440 | D:5      | Found Kustaufeh's Hydra Hut.
  5446 | D:5      | Noticed a five-headed hydra
  5476 | D:5      | Found an iron altar of Okawaru.
  5782 | D:6      | Found a blossoming altar of Fedhas.
  5814 | D:6      | Found a sand-covered staircase.
  5823 | Ossuary  | Entered an ossuary
  5990 | Ossuary  | Reached ** piety under Makhleb
  6005 | Ossuary  | Gained mutation: You have a tail ending in a sharp stinger.
                  | [demonic ancestry]
  6005 | Ossuary  | Reached XP level 8. HP: 58/61 MP: 10/10
  6900 | D:6      | Reached skill level 6 in Axes
  7037 | D:6      | Reached skill level 5 in Fighting
  7108 | D:6      | Found Wiw Faargh's Armour Shoppe.
  7334 | D:6      | Noticed Edmund
  7346 | D:6      | Killed Edmund
  7968 | D:7      | Reached skill level 5 in Armour
  8102 | D:7      | Found a flagged portal.
  8117 | Bailey   | Entered a bailey
  8259 | Bailey   | Slain by a centaur

Illustrated notes

Levels and vault maps discovered:
D:1:      evilmike_arrival_crescent, layout_loops_ring, minmay_unequal
D:2:      layout_loops_ring, serial_shops, shop, nicolae_shop_statue_plus,
          nicolae_diamond_shop, nicolae_shop_stone, shop,
          basic_ecumenical_altar, minmay_indecisive_spiral
D:3:      layout_loops_cross, yredelemnul_altar_generic,
          mainiacjoe_overflow_alcove_4
D:4:      layout_rooms, kennysheep_mini_moat, minmay_temple_entry_butterflies,
          uniq_robin
D:5:      gammafunk_steamed_eel, layout_cave_pools, kennysheep_orc_sif_temple,
          zin_scriptorium, okawaru_gym_becter, doesnt_shop_hydraphobe,
          uniq_eustachio
D:6:      layout_basic, mainiacjoe_overflow_concentric_impassable,
          nicolae_ossuary_entry_ruins, serial_shops, shop, minivault_22,
          uniq_edmund
D:7:      layout_loops_ring, mainiacjoe_overflow_cross_hatched,
          nicolae_uskayaw_dance_studio, enter_bailey_3, lightli_minifort,
          uniq_crazy_yiuf_cottage
Temple:   nicolae_temple_hex_pool
Bailey:   bailey_polearm_flooded_kennysheep, bailey

Skill      XL: |  1  2  3  4  5  6  7  8 |
---------------+-------------------------+-----
Axes           | 3 4 5 6 |  6.6
Dodging        | 3 |  3.6
Armour         | 1 2 3 4 5 |  5.5
Unarmed Combat | 1 |  1.9
Fighting       | 3 4 5 |  5.6
Invocations    | 1 2 4 |  4.3
Throwing       | |  1.7

Action                   |  1- 3 |  4- 6 |  7- 9 || total
-------------------------+-------+-------+-------++-------
Melee: War axe           |   106 |   122 |   219 ||   447
       Tailslap          |    10 |    17 |    36 ||    63
       Touch             |       |    11 |    44 ||    55
       Halberd           |       |       |    19 ||    19
       Punch             |       |       |     1 ||     1
Invok: Minor Destruction |       |       |     1 ||     1
Evoke: Wand              |       |       |     4 ||     4
  Use: Scroll            |     6 |     5 |     7 ||    18
       Potion            |       |     2 |     6 ||     8
 Stab: Sleeping          |     1 |     1 |       ||     2
       Invisible         |       |       |     1 ||     1
Armor: Leather armour    |    67 |    58 |       ||   125
       Chain mail        |       |       |   160 ||   160
Dodge: Dodged            |   123 |   114 |   133 ||   370

Table legend: (Time is in decaauts)
 A = Elapsed time spent in this place.
 B = Non-inter-level travel time spent in this place.
 C = Inter-level travel time spent in this place.
 D = Time resting spent in this place.
 E = Time spent auto-exploring this place.
 F = Levels seen in this place.
 G = Mean time per level.
                   A        B        C        D        E       F      G
               +--------+--------+--------+--------+--------+-----+--------+
         Total |   8396 |   8139 |    257 |   2749 |   3566 |  10 |  839.6 |
       Dungeon |   7548 |   7310 |    238 |   2434 |   3444 |   7 | 1078.3 |
        Temple |    133 |    114 |     19 |      0 |     65 |   1 |  133.0 |
       Ossuary |    567 |    567 |      0 |    315 |     57 |   1 |  567.0 |
        Bailey |    147 |    147 |      0 |      0 |      0 |   1 |  147.0 |
               +--------+--------+--------+--------+--------+-----+--------+

Top non-repeatable levels by time:
     D:6: 1703 daAuts
     D:5: 1491 daAuts
     D:1: 1340 daAuts
     D:3: 1234 daAuts
     D:2: 940 daAuts
     D:4: 661 daAuts
 Ossuary: 567 daAuts
     D:7: 177 daAuts
  Bailey: 147 daAuts
  Temple: 133 daAuts
